 Dungeon Crawl Stone Soup version 0.31-a0-174-g85c54bcb58 (webtiles) character file.

Game seed: 11974787252656400564

23039 qw the Marksnaga (level 13, -4/123 HPs)
             Began as a Naga Hunter on June 15, 2023.
             Was a High Priest of Okawaru.
             Slain by Sonja
             ... wielding a +0 short sword of distortion
              (22 damage)
             ... on level 3 of the Lair of Beasts.
             The game lasted 00:05:26 (9852 turns).

qw the Marksnaga (Naga Hunter)                      Turns: 9852, Time: 00:05:27

Health: -4/123     AC: 17    Str: 14    XL:     13   Next: 4%
Magic:  17/17      EV: 11    Int: 10    God:    Okawaru [*****.]
Gold:   1191       SH:  0    Dex: 19    Spells: 12/12 levels left

rFire   + . .        Y - +3 orcbow (drain)
rCold   + . .        (shield currently unavailable)
rNeg    . . .        s - +2 leather armour {rPois}
rPois   +            a - +0 helmet
rElec   .            n - +0 cloak of the Wilderness {rC+ SInv Stlth+}
rCorr   .            r - +1 Delatra's gloves {ID++}
SInv    +            p - +0 barding
Will    ++...        m - amulet of regeneration
Stlth   +++          g - ring of protection from fire
HPRegen 1.20/turn    e - ring of willpower
MPRegen 0.15/turn

%: no passive effects
@: slowed, very slow
A: AC +4, large, see invisible, deformed body, poison resistance, slowness 2,
spit poison 1, naga tail 2
a: Spit Poison, Renounce Religion, Heroism, Finesse, Duel


You were on level 3 of the Lair of Beasts.
You worshipped Okawaru.
Okawaru was extremely pleased with you.
You visited 3 branches of the dungeon, and saw 13 of its levels.

You collected 1303 gold pieces.
You spent 112 gold pieces at shops.


Innate Abilities, Weirdness & Mutations

Your serpentine skin is tough. (AC +4)
You have supernaturally acute eyesight. (SInv)
Armour fits poorly on your strangely shaped body.
Your system is resistant to poisons. (rPois)
You cover ground very slowly.
You can spit poison.
You can use your snake-like lower body to constrict enemies.


   Skills:
 - Level 10.0 Fighting
 - Level 15.0 Ranged Weapons
 + Level 4.4 Armour
 - Level 6.0 Dodging
 - Level 1.5 Stealth
 + Level 6.6 Invocations


You had 12 spell levels left.
You didn't know any spells.
Your spell library was empty.

Inventory:

Hand Weapons
 k - a +4 orcbow
 Y - a +3 orcbow of draining (weapon)
Armour
 a - a +0 helmet (worn)
 n - the +0 cloak of the Wilderness (worn) {rC+ SInv Stlth+}
   (You acquired it on level 8 of the Dungeon)

   rC:        It protects you from cold.
   SInv:      It lets you see invisible.
   Stlth:     It makes you more stealthy.
 p - a +0 barding (worn)
 r - the +1 Delatra's gloves (worn) {ID++}
   (You found it on level 4 of the Dungeon)

   ID++:      It heals its wearer when they drink unknown potions, and restores
   their MP when they read unknown scrolls.
 s - a +2 leather armour of poison resistance (worn)
Jewellery
 e - a ring of willpower (right hand)
 g - a ring of protection from fire (left hand)
 j - a ring of protection from cold
 l - a +6 ring of strength
 m - an amulet of regeneration (around neck)
Wands
 b - a wand of digging (5)
Scrolls
 c - a scroll of identify
 i - 2 scrolls of teleportation
Potions
 d - 2 potions of might
 f - 2 potions of haste
 h - a potion of resistance
 o - a potion of cancellation
 q - 3 potions of curing
 w - a potion of invisibility {unknown}

Dungeon Overview and Level Annotations

Branches:
Dungeon (9/15)             Temple (1/1) D:4            Lair (3/5) D:9
 Spider (0/4) Lair:2          Orc (0/2) D:9
  Swamp: Lair:2-3    Shoals: Lair:2-3

Altars:
Ashenzari
Cheibriados
Dithmenos
Elyvilon
Fedhas
Gozag
Hepliaklqana
Kikubaaqudgha
Makhleb
Nemelex Xobeh
Okawaru
Ru
Sif Muna
Uskayaw
Vehumet
Wu Jian
Xom
Yredelemnul
Zin
The Shining One

Shops:
D:3 [   D:4 (

Annotations:
D:3 2 transporters, 1 runed translucent door, Crazy Yiuf; qw's ghost, amateur GrHu
D:6 2 transporters
Lair:1 1 runed translucent door, qw's ghost, journeyman GrFi
Lair:3 3 runed translucent doors, Sonja


Message History

The elephant is almost dead.
The elephant closely misses you. The elephant trunk-slaps you.
The elephant completely misses you. The elephant trunk-slaps you.
The elephant tramples you!
You stumble backwards!
You shoot an arrow. The arrow hits the elephant!
You drain the elephant.
The elephant is moderately wounded.
You shoot an arrow. The arrow hits the elephant!
The elephant is heavily wounded.
The elephant barely misses you.
The elephant trunk-slaps you but does no damage.
You shoot an arrow. The arrow hits the elephant!
You kill the elephant!
Okawaru accepts your kill.
Sonja throws a curare-tipped dart.
The curare-tipped dart misses you. The elephant misses you.
The elephant closely misses you. x2
The elephant trunk-slaps you but does no damage.
You shoot an arrow. The arrow hits the elephant!
You drain the elephant.
The elephant is almost dead.
Sonja throws a curare-tipped dart.
The curare-tipped dart hits you.
You have difficulty breathing.
You feel yourself slow down.
You shoot an arrow. The arrow hits the elephant!
The elephant is almost dead.
The elephant completely misses you.
The elephant trunk-slaps you but does no damage.
The elephant tramples you!
You hold your ground!
The elephant barely misses you.
You shoot an arrow. The arrow hits the elephant!!
You kill the elephant!
Okawaru accepts your kill.
You can now enter into single combat with a foe.
Okawaru will now gift you equipment as you gain piety.
You feel like a meek peon again. Sonja hits you but does no damage.
Space warps around you.
Sonja hits you with a +0 short sword of distortion.
Space warps horribly around you!
Sonja hits you with a +0 short sword of distortion.
Space warps horribly around you! The elephant closely misses you.
The elephant barely misses you. Sonja hits you but does no damage.
Space warps around you. Sonja hits you but does no damage.
Space warps horribly around you!!
You die...

########## #
##...PP#.$####.#.
#.%..............
##@Y..............
#.K...%.$.<.......
#................#
##......#.#......#
#....P..........#
#...........P.+..
#.........P#P.# #
#........####.P
P....#...# ...


You could see an elephant (drained) and Sonja.

Vanquished Creatures
  A hydra (Lair:3)
  Erica (D:8)
  Urug (Lair:3)
  5 elephants (Lair:3)
  5 black mambas
  6 cane toads
  A rime drake (Lair:3)
  6 komodo dragons
  2 polar bears
  A troll (D:6)
  Grinder (D:5)
  Prince Ribbit (D:5)
  19 blink frogs
  A hornet (D:8)
  A slime creature (Lair:1)
  Sigmund (D:3)
  A wraith (D:9)
  3 basilisks (Lair:1)
  2 wyverns
  20 yaks
  Eustachio (D:5)
  4 redbacks (Lair:2)
  Edmund (D:5)
  7 water moccasins
  3 orc warriors
  4 ice beasts
  2 sky beasts
  2 black bears
  2 centaurs
  An ogre (D:6)
  7 wolves
  2 phantoms
  Blork the orc (D:5)
  A gnoll sergeant (D:7)
  A scorpion (D:7)
  6 bullfrogs
  5 wights (D:7)
  3 howler monkeys (D:8)
  6 hounds
  9 jellies
  2 gnoll boudas
  11 orc priests
  5 iguanas
  2 sleepcaps
  Terence (D:3)
  13 orc wizards
  12 gnolls
  5 adders
  2 shadow imps (D:6)
  2 white imps
  3 worms
  4 dart slugs
  48 orcs
  8 bats
  17 endoplasms
  A giant cockroach (D:3)
  5 goblins
  8 hobgoblins
  7 jackals
  5 kobolds
  3 quokkas
  6 ball pythons
  7 frilled lizards
  4 rats
328 creatures vanquished.

Notes
Turn   | Place    | Note
-------+----------+-------------------------------------------
     0 | D:1      | qw the Naga Hunter began the quest for the Orb.
     0 | D:1      | Reached XP level 1. HP: 19/19 MP: 1/1
     0 | D:1      | 0 ||| qw: Version: 0.2-a-29-g511e9b1
     0 | D:1      | 0 ||| qw: Game counter: 5345
     0 | D:1      | 0 ||| qw: Always use a shield: true
     0 | D:1      | 0 ||| qw: God list: Okawaru
     0 | D:1      | 0 ||| qw: Allow faded altars: false
     0 | D:1      | 0 ||| qw: Do Orc after D:15 true
     0 | D:1      | 0 ||| qw: Do second Lair branch before Depths: true
     0 | D:1      | 0 ||| qw: Lair rune preference: random
     0 | D:1      | 0 ||| qw: Plans: Normal
     0 | D:1      | 0 ||| PLANNING D:1-11
    20 | D:1      | 20 ||| INVOKING Spit Poison.
    29 | D:1      | 29 ||| INVOKING Spit Poison.
    84 | D:1      | 84 ||| INVOKING Spit Poison.
   117 | D:1      | Reached skill level 4 in Ranged Weapons
   117 | D:1      | Reached XP level 2. HP: 26/26 MP: 2/2
   138 | D:1      | 138 ||| INVOKING Spit Poison.
   255 | D:1      | 255 ||| INVOKING Spit Poison.
   261 | D:1      | 261 ||| INVOKING Spit Poison.
   264 | D:1      | 264 ||| INVOKING Spit Poison.
   272 | D:1      | Found a faded altar of an unknown god.
   279 | D:1      | 279 ||| INVOKING Spit Poison.
   357 | D:1      | 357 ||| INVOKING Spit Poison.
   558 | D:1      | 558 ||| UPGRADING to amulet of the acrobat.
   563 | D:1      | 563 ||| READING scroll labelled OLA SIJAOC.
   567 | D:1      | 567 ||| DROPPING scroll of butterflies.
   598 | D:2      | 598 ||| INVOKING Spit Poison.
   616 | D:2      | Identified the +5 chain mail of Lethargy {Int+2 SInv}
   658 | D:2      | 658 ||| INVOKING Spit Poison.
   661 | D:2      | 661 ||| INVOKING Spit Poison.
   664 | D:2      | 664 ||| INVOKING Spit Poison.
   666 | D:2      | Reached XP level 3. HP: 31/32 MP: 3/3
   669 | D:2      | 669 ||| INVOKING Spit Poison.
   672 | D:2      | 672 ||| INVOKING Spit Poison.
   675 | D:2      | 675 ||| INVOKING Spit Poison.
   696 | D:2      | 696 ||| INVOKING Spit Poison.
   721 | D:2      | 721 ||| INVOKING Spit Poison.
   728 | D:2      | 728 ||| INVOKING Spit Poison.
   733 | D:2      | 733 ||| INVOKING Spit Poison.
   784 | D:2      | 784 ||| INVOKING Spit Poison.
   817 | D:2      | 817 ||| INVOKING Spit Poison.
   874 | D:2      | 874 ||| INVOKING Spit Poison.
   875 | D:2      | 875 ||| INVOKING Spit Poison.
   926 | D:2      | 926 ||| INVOKING Spit Poison.
   929 | D:2      | 929 ||| INVOKING Spit Poison.
  1062 | D:2      | 1062 ||| UPGRADING to +0 helmet.
  1067 | D:2      | 1067 ||| UPGRADING to amulet of regeneration.
  1077 | D:2      | 1077 ||| DROPPING amulet of the acrobat.
  1078 | D:2      | 1078 ||| UPGRADING to ring of willpower.
  1079 | D:2      | 1079 ||| READING 2 scrolls labelled JACKUTHRA HEEGY.
  1080 | D:2      | 1080 ||| READING scroll labelled ERREFALAMA.
  1081 | D:2      | 1081 ||| READING scroll labelled IKKENKI PUIR.
  1081 | D:2      | Identified a scroll of acquirement
  1081 | D:2      | 1081 ||| ACQUIRING +1 shortbow of freezing
  1081 | D:2      | Acquired a +1 shortbow of freezing
  1083 | D:2      | 1083 ||| UPGRADING to +1 shortbow of freezing.
  1084 | D:2      | 1084 ||| DROPPING +0 shortbow.
  1085 | D:2      | 1085 ||| READING scroll labelled REFUTURH ENIRHA.
  1086 | D:2      | 1086 ||| DROPPING scroll of poison.
  1101 | D:3      | 1101 ||| INVOKING Spit Poison.
  1102 | D:3      | 1102 ||| INVOKING Spit Poison.
  1126 | D:3      | Reached skill level 5 in Ranged Weapons
  1126 | D:3      | Reached XP level 4. HP: 39/39 MP: 4/4
  1127 | D:3      | 1127 ||| INVOKING Spit Poison.
  1196 | D:3      | Noticed Sigmund
  1197 | D:3      | 1197 ||| INVOKING Spit Poison.
  1203 | D:3      | Killed Sigmund
  1204 | D:3      | Reached XP level 5. HP: 39/51 MP: 5/5
  1204 | D:3      | Reached XP level 6. HP: 45/58 MP: 6/6
  1207 | D:3      | 1207 ||| INVOKING Spit Poison.
  1210 | D:3      | 1210 ||| FLEEEEING.
  1217 | D:3      | 1217 ||| INVOKING Spit Poison.
  1223 | D:3      | 1223 ||| INVOKING Spit Poison.
  1224 | D:3      | Noticed Terence
  1227 | D:3      | 1227 ||| INVOKING Spit Poison.
  1232 | D:3      | 1232 ||| INVOKING Spit Poison.
  1235 | D:3      | 1235 ||| INVOKING Spit Poison.
  1235 | D:3      | Killed Terence
  1261 | D:3      | Found a transporter.
  1263 | D:3      | 1263 ||| INVOKING Spit Poison.
  1300 | D:3      | 1300 ||| INVOKING Spit Poison.
  1341 | D:3      | 1341 ||| INVOKING Spit Poison.
  1382 | D:3      | 1382 ||| INVOKING Spit Poison.
  1392 | D:3      | Identified the +3 hand axe "Kecot" {flame, rF+ Will+}
  1444 | D:3      | 1444 ||| INVOKING Spit Poison.
  1449 | D:3      | 1449 ||| INVOKING Spit Poison.
  1456 | D:3      | 1456 ||| INVOKING Spit Poison.
  1498 | D:3      | 1498 ||| INVOKING Spit Poison.
  1565 | D:3      | 1565 ||| INVOKING Spit Poison.
  1597 | D:3      | Found a transporter.
  1632 | D:3      | Found Tulad's Armour Emporium.
  1638 | D:3      | 1638 ||| SHOPLISTING +1 robe of Inaction {*Slow rPois rC++
                  | rN+} (396 gold, have 157).
  1638 | D:3      | 1638 ||| SHOPLISTING +2 helmet (198 gold, have 157).
  1708 | D:3      | 1708 ||| INVOKING Spit Poison.
  1715 | D:3      | Found an ancient bone altar of Kikubaaqudgha.
  1818 | D:3      | Noticed qw's ghost (amateur GrHu)
  1931 | D:3      | Found a runed translucent door.
  1932 | D:3      | Noticed Crazy Yiuf
  2017 | D:3      | 2017 ||| DROPPING amulet of magic regeneration.
  2018 | D:3      | 2018 ||| READING scroll labelled OSASHE MATOPH.
  2019 | D:3      | 2019 ||| DRINKING 2 viscous white potions.
  2041 | D:4      | 2041 ||| INVOKING Spit Poison.
  2046 | D:4      | 2046 ||| INVOKING Spit Poison.
  2047 | D:4      | 2047 ||| STAIRDANCE
  2099 | D:4      | 2099 ||| INVOKING Spit Poison.
  2102 | D:4      | Found Dirosk's Antique Weapon Shop.
  2107 | D:4      | 2107 ||| BUYING orcbow (112 gold).
  2107 | D:4      | Bought an orcbow for 112 gold pieces
  2107 | D:4      | 2107 ||| UPGRADING to +0 orcbow.
  2108 | D:4      | 2108 ||| DROPPING +1 shortbow of freezing.
  2148 | D:4      | 2148 ||| INVOKING Spit Poison.
  2158 | D:4      | 2158 ||| INVOKING Spit Poison.
  2250 | D:4      | 2250 ||| INVOKING Spit Poison.
  2255 | D:4      | Found a staircase to the Ecumenical Temple.
  2256 | D:4      | 2256 ||| PLANNING TEMPLE
  2275 | D:4      | 2275 ||| UPGRADING to +1 robe of positive energy.
  2285 | D:4      | 2285 ||| DROPPING +0 leather armour.
  2296 | Temple   | Entered the Ecumenical Temple
  2400 | Temple   | 2400 ||| PLANNING D:1-11
  2557 | D:4      | Found a shimmering altar of Xom.
  2693 | D:4      | Reached skill level 6 in Ranged Weapons
  2693 | D:4      | Reached XP level 7. HP: 62/66 MP: 7/7
  2845 | D:4      | 2845 ||| INVOKING Spit Poison.
  2883 | D:4      | 2883 ||| INVOKING Spit Poison.
  2895 | D:4      | 2895 ||| INVOKING Spit Poison.
  2902 | D:4      | 2902 ||| INVOKING Spit Poison.
  2906 | D:4      | 2906 ||| INVOKING Spit Poison.
  2909 | D:4      | 2909 ||| INVOKING Spit Poison.
  2912 | D:4      | 2912 ||| INVOKING Spit Poison.
  2915 | D:4      | HP: 16/66 [orc warrior/+0 morningstar (10)]
  2916 | D:4      | 2916 ||| READING 2 scrolls of teleportation.
  2917 | D:4      | 2917 ||| INVOKING Spit Poison.
  2917 | D:4      | HP: 3/66 [orc warrior/+0 morningstar (6)]
  3018 | D:4      | 3018 ||| INVOKING Spit Poison.
  3021 | D:4      | 3021 ||| INVOKING Spit Poison.
  3032 | D:4      | 3032 ||| INVOKING Spit Poison.
  3042 | D:4      | 3042 ||| INVOKING Spit Poison.
  3049 | D:4      | 3049 ||| INVOKING Spit Poison.
  3050 | D:4      | Found the +1 Delatra's gloves {ID++}
  3054 | D:4      | 3054 ||| INVOKING Spit Poison.
  3078 | D:4      | 3078 ||| UPGRADING to +0 barding.
  3083 | D:4      | 3083 ||| UPGRADING to +1 Delatra's gloves {ID++}.
  3088 | D:4      | 3088 ||| READING scroll labelled SAADWU ZELY.
  3089 | D:4      | 3089 ||| READING scroll labelled XAW OKHIPRYON.
  3146 | D:5      | Entered Level 5 of the Dungeon
  3146 | D:5      | Noticed Grinder
  3166 | D:5      | Killed Grinder
  3200 | D:5      | Found a glowing golden altar of the Shining One.
  3214 | D:5      | 3214 ||| INVOKING Spit Poison.
  3242 | D:5      | 3242 ||| INVOKING Spit Poison.
  3245 | D:5      | 3245 ||| INVOKING Spit Poison.
  3246 | D:5      | Reached skill level 7 in Ranged Weapons
  3246 | D:5      | Reached XP level 8. HP: 73/73 MP: 8/8
  3249 | D:5      | Noticed Prince Ribbit
  3254 | D:5      | 3254 ||| INVOKING Spit Poison.
  3259 | D:5      | 3259 ||| INVOKING Spit Poison.
  3266 | D:5      | 3266 ||| INVOKING Spit Poison.
  3272 | D:5      | 3272 ||| INVOKING Spit Poison.
  3279 | D:5      | 3279 ||| INVOKING Spit Poison.
  3282 | D:5      | Killed Prince Ribbit
  3336 | D:5      | Noticed Blork the orc
  3337 | D:5      | 3337 ||| INVOKING Spit Poison.
  3342 | D:5      | Killed Blork the orc
  3428 | D:5      | 3428 ||| INVOKING Spit Poison.
  3440 | D:5      | Reached skill level 8 in Ranged Weapons
  3449 | D:5      | Noticed Edmund
  3452 | D:5      | 3452 ||| INVOKING Spit Poison.
  3458 | D:5      | 3458 ||| INVOKING Spit Poison.
  3463 | D:5      | 3463 ||| INVOKING Spit Poison.
  3469 | D:5      | 3469 ||| INVOKING Spit Poison.
  3476 | D:5      | 3476 ||| INVOKING Spit Poison.
  3482 | D:5      | Killed Edmund
  3571 | D:5      | 3571 ||| INVOKING Spit Poison.
  3613 | D:5      | 3613 ||| INVOKING Spit Poison.
  3618 | D:5      | 3618 ||| INVOKING Spit Poison.
  3621 | D:5      | 3621 ||| INVOKING Spit Poison.
  3651 | D:5      | 3651 ||| INVOKING Spit Poison.
  3656 | D:5      | 3656 ||| INVOKING Spit Poison.
  3661 | D:5      | 3661 ||| INVOKING Spit Poison.
  3665 | D:5      | 3665 ||| INVOKING Spit Poison.
  3669 | D:5      | 3669 ||| INVOKING Spit Poison.
  3752 | D:5      | Reached skill level 9 in Ranged Weapons
  3752 | D:5      | Reached XP level 9. HP: 72/81 MP: 9/9
  3764 | D:5      | Noticed Eustachio
  3765 | D:5      | 3765 ||| INVOKING Spit Poison.
  3770 | D:5      | Killed Eustachio
  3772 | D:5      | Found an iron altar of Okawaru.
  3773 | D:5      | 3773 ||| PLANNING OKAWARU WORSHIP
  3773 | D:5      | 3773 ||| UPGRADING to +2 leather armour of poison
                  | resistance.
  3783 | D:5      | 3783 ||| DROPPING +1 robe of positive energy.
  3784 | D:5      | 3784 ||| UPGRADING to +6 ring of strength.
  3785 | D:5      | 3785 ||| READING scroll labelled FUEXIF XYHICROP.
  3786 | D:5      | 3786 ||| READING scroll labelled SIYVOE VIADASEANI.
  3787 | D:5      | 3787 ||| DRINKING 3 cyan potions.
  3788 | D:5      | 3788 ||| DROPPING 2 potions of brilliance.
  3796 | D:5      | Became a worshipper of Warmaster Okawaru
  3797 | D:5      | 3797 ||| PLANNING D:1-11
  4105 | D:5      | Found a white marble altar of Elyvilon.
  4161 | D:6      | 4161 ||| INVOKING Spit Poison.
  4164 | D:6      | 4164 ||| INVOKING Spit Poison.
  4168 | D:6      | Reached skill level 3 in Dodging
  4177 | D:6      | 4177 ||| INVOKING Spit Poison.
  4180 | D:6      | 4180 ||| INVOKING Spit Poison.
  4183 | D:6      | 4183 ||| INVOKING Spit Poison.
  4221 | D:6      | Found a transporter.
  4234 | D:6      | Reached skill level 6 in Fighting
  4271 | D:6      | 4271 ||| INVOKING Spit Poison.
  4274 | D:6      | 4274 ||| INVOKING Spit Poison.
  4277 | D:6      | 4277 ||| INVOKING Spit Poison.
  4292 | D:6      | 4292 ||| INVOKING Spit Poison.
  4296 | D:6      | 4296 ||| INVOKING Spit Poison.
  4303 | D:6      | 4303 ||| INVOKING Spit Poison.
  4371 | D:6      | 4371 ||| INVOKING Spit Poison.
  4378 | D:6      | 4378 ||| INVOKING Spit Poison.
  4382 | D:6      | 4382 ||| INVOKING Spit Poison.
  4406 | D:6      | 4406 ||| INVOKING Spit Poison.
  4410 | D:6      | 4410 ||| INVOKING Spit Poison.
  4445 | D:6      | Noticed a troll
  4446 | D:6      | 4446 ||| INVOKING Spit Poison.
  4449 | D:6      | 4449 ||| INVOKING Spit Poison.
  4452 | D:6      | 4452 ||| INVOKING Spit Poison.
  4458 | D:6      | 4458 ||| INVOKING Spit Poison.
  4462 | D:6      | Killed a troll
  4463 | D:6      | Reached skill level 10 in Ranged Weapons
  4463 | D:6      | 4463 ||| INVOKING Spit Poison.
  4528 | D:6      | Reached * piety under Okawaru
  4533 | D:6      | Found a transporter.
  4549 | D:6      | 4549 ||| INVOKING Spit Poison.
  4701 | D:6      | 4701 ||| UPGRADING to ring of protection from fire.
  4703 | D:6      | 4703 ||| UPGRADING to ring of willpower.
  4705 | D:6      | 4705 ||| READING scroll labelled HUFORE AVIUT.
  4706 | D:6      | 4706 ||| DRINKING 2 bubbling white potions.
  4749 | D:6      | 4749 ||| DRINKING 2 murky yellow potions.
  4750 | D:6      | 4750 ||| DROPPING potion of lignification.
  4751 | D:6      | 4751 ||| DROPPING potion of attraction.
  4780 | D:7      | 4780 ||| INVOKING Spit Poison.
  4783 | D:7      | 4783 ||| INVOKING Spit Poison.
  4789 | D:7      | 4789 ||| INVOKING Spit Poison.
  4818 | D:7      | Reached skill level 1 in Invocations
  4885 | D:7      | Found an opulent altar of Gozag.
  4927 | D:7      | 4927 ||| INVOKING Spit Poison.
  4929 | D:7      | 4929 ||| INVOKING Heroism.
  4932 | D:7      | 4932 ||| INVOKING Spit Poison.
  4938 | D:7      | 4938 ||| INVOKING Spit Poison.
  4944 | D:7      | 4944 ||| INVOKING Spit Poison.
  4947 | D:7      | 4947 ||| INVOKING Heroism.
  4954 | D:7      | Reached skill level 3 in Invocations
  4992 | D:7      | You fall into a shaft and drop 2 floors!
  5004 | D:9      | 5004 ||| INVOKING Heroism.
  5009 | D:9      | 5009 ||| Stepping ~*~*~tactically~*~*~ (outnumbered).
  5013 | D:9      | 5013 ||| INVOKING Spit Poison.
  5020 | D:9      | 5020 ||| INVOKING Spit Poison.
  5024 | D:9      | 5024 ||| INVOKING Spit Poison.
  5030 | D:9      | 5030 ||| INVOKING Spit Poison.
  5032 | D:9      | 5032 ||| INVOKING Heroism.
  5034 | D:9      | Reached XP level 10. HP: 94/94 MP: 9/12
  5056 | D:9      | 5056 ||| INVOKING Spit Poison.
  5097 | D:9      | 5097 ||| DRINKING 2 sedimented purple potions.
  5101 | D:9      | 5101 ||| READING 2 scrolls of identify.
  5101 | D:9      | 5101 ||| IDENTIFYING bubbling brown potion
  5102 | D:9      | 5102 ||| DROPPING potion of degeneration.
  5103 | D:9      | 5103 ||| DROPPING potion of ambrosia.
  5104 | D:9      | Found a staircase to the Orcish Mines.
  5111 | D:8      | 5111 ||| INVOKING Spit Poison.
  5118 | D:8      | 5118 ||| INVOKING Spit Poison.
  5168 | D:8      | 5168 ||| INVOKING Spit Poison.
  5183 | D:8      | Noticed Erica
  5184 | D:8      | 5184 ||| INVOKING Heroism.
  5185 | D:8      | 5185 ||| INVOKING Spit Poison.
  5192 | D:8      | Killed Erica
  5193 | D:8      | Reached skill level 11 in Ranged Weapons
  5193 | D:8      | 5193 ||| INVOKING Spit Poison.
  5201 | D:8      | 5201 ||| INVOKING Spit Poison.
  5204 | D:8      | Reached skill level 3 in Armour
  5210 | D:8      | 5210 ||| INVOKING Spit Poison.
  5215 | D:8      | 5215 ||| INVOKING Heroism.
  5217 | D:8      | 5217 ||| INVOKING Spit Poison.
  5281 | D:8      | 5281 ||| Stepping ~*~*~tactically~*~*~ (outnumbered).
  5282 | D:8      | 5282 ||| INVOKING Spit Poison.
  5288 | D:8      | 5288 ||| Stepping ~*~*~tactically~*~*~ (outnumbered).
  5290 | D:8      | 5290 ||| Stepping ~*~*~tactically~*~*~ (outnumbered).
  5293 | D:8      | 5293 ||| INVOKING Spit Poison.
  5302 | D:8      | 5302 ||| INVOKING Spit Poison.
  5396 | D:8      | 5396 ||| DROPPING +2 leather armour of poison resistance.
  5434 | D:7      | 5434 ||| INVOKING Spit Poison.
  5438 | D:7      | 5438 ||| INVOKING Spit Poison.
  5441 | D:7      | Reached ** piety under Okawaru
  5464 | D:7      | 5464 ||| INVOKING Spit Poison.
  5466 | D:7      | 5466 ||| Stepping ~*~*~tactically~*~*~ (outnumbered).
  5469 | D:7      | 5469 ||| INVOKING Spit Poison.
  5475 | D:7      | 5475 ||| INVOKING Spit Poison.
  5520 | D:7      | 5520 ||| INVOKING Spit Poison.
  5524 | D:7      | 5524 ||| INVOKING Spit Poison.
  5529 | D:7      | 5529 ||| INVOKING Spit Poison.
  5575 | D:7      | 5575 ||| INVOKING Spit Poison.
  5638 | D:7      | 5638 ||| INVOKING Spit Poison.
  5639 | D:7      | 5639 ||| INVOKING Heroism.
  5642 | D:7      | 5642 ||| Stepping ~*~*~tactically~*~*~ (outnumbered).
  5643 | D:7      | 5643 ||| INVOKING Spit Poison.
  5651 | D:7      | 5651 ||| INVOKING Spit Poison.
  5660 | D:7      | 5660 ||| INVOKING Spit Poison.
  5717 | D:7      | 5717 ||| INVOKING Spit Poison.
  5748 | D:7      | 5748 ||| INVOKING Spit Poison.
  5762 | D:7      | Found a snail-covered altar of Cheibriados.
  5763 | D:7      | 5763 ||| INVOKING Spit Poison.
  5827 | D:7      | 5827 ||| INVOKING Spit Poison.
  5832 | D:7      | 5832 ||| INVOKING Spit Poison.
  5891 | D:7      | 5891 ||| UPGRADING to ring of protection from cold.
  5893 | D:7      | 5893 ||| READING scroll labelled ULEUR HATWOUG.
  5894 | D:7      | 5894 ||| READING scroll labelled VEOJIY WINER.
  5995 | D:7      | 5995 ||| READING 2 scrolls of identify.
  5995 | D:7      | 5995 ||| IDENTIFYING white potion
  6058 | D:8      | Found a faded altar of an unknown god.
  6058 | D:8      | Found an ornate altar of the Wu Jian Council.
  6065 | D:8      | Found a sacrificial altar of Ru.
  6067 | D:8      | Found a hide-covered altar of Uskayaw.
  6069 | D:8      | Found a faded altar of an unknown god.
  6093 | D:8      | 6093 ||| INVOKING Spit Poison.
  6097 | D:8      | 6097 ||| INVOKING Spit Poison.
  6102 | D:8      | 6102 ||| INVOKING Spit Poison.
  6108 | D:8      | 6108 ||| INVOKING Spit Poison.
  6110 | D:8      | 6110 ||| INVOKING Heroism.
  6112 | D:8      | Paralysed by a hornet for 1 turns
  6112 | D:8      | HP: 21/96 [yak (5)]
  6112 | D:8      | HP: 1/96 [yak (10)]
  6113 | D:8      | 6113 ||| READING 3 scrolls of teleportation.
  6114 | D:8      | 6114 ||| DRINKING potion of heal wounds.
  6115 | D:8      | 6115 ||| INVOKING Spit Poison.
  6116 | D:8      | 6116 ||| Stepping ~*~*~tactically~*~*~ (outnumbered).
  6147 | D:8      | 6147 ||| INVOKING Heroism.
  6148 | D:8      | 6148 ||| INVOKING Spit Poison.
  6153 | D:8      | 6153 ||| INVOKING Spit Poison.
  6220 | D:8      | 6220 ||| INVOKING Spit Poison.
  6226 | D:8      | 6226 ||| INVOKING Spit Poison.
  6229 | D:8      | 6229 ||| INVOKING Spit Poison.
  6234 | D:8      | 6234 ||| INVOKING Spit Poison.
  6246 | D:8      | 6246 ||| INVOKING Spit Poison.
  6290 | D:8      | Found a broken altar of Ashenzari.
  6342 | D:8      | 6342 ||| INVOKING Spit Poison.
  6347 | D:8      | Reached skill level 12 in Ranged Weapons
  6347 | D:8      | Reached XP level 11. HP: 103/103 MP: 14/14
  6349 | D:8      | 6349 ||| INVOKING Spit Poison.
  6355 | D:8      | 6355 ||| INVOKING Spit Poison.
  6365 | D:8      | 6365 ||| READING scroll of enchant weapon.
  6365 | D:8      | 6365 ||| ENCHANTING +1 orcbow of draining.
  6444 | D:8      | 6444 ||| READING scroll of acquirement.
  6444 | D:8      | 6444 ||| ACQUIRING +0 cloak of the Wilderness {rC+ SInv
                  | Stlth+}
  6444 | D:8      | Acquired the +0 cloak of the Wilderness {rC+ SInv Stlth+}
  6446 | D:8      | 6446 ||| UPGRADING to +0 cloak of the Wilderness {rC+ SInv
                  | Stlth+}.
  6569 | D:8      | 6569 ||| UPGRADING to ring of willpower.
  6571 | D:8      | 6571 ||| READING 3 scrolls labelled ELOCISUETA.
  6572 | D:8      | 6572 ||| DROPPING 2 scrolls of summoning.
  6620 | D:9      | 6620 ||| READING scroll of enchant weapon.
  6620 | D:9      | 6620 ||| ENCHANTING +2 orcbow of draining.
  6670 | D:9      | Found a hazy altar of Hepliaklqana.
  6786 | D:9      | 6786 ||| Stepping ~*~*~tactically~*~*~ (outnumbered).
  6787 | D:9      | 6787 ||| INVOKING Spit Poison.
  6791 | D:9      | 6791 ||| INVOKING Spit Poison.
  6792 | D:9      | 6792 ||| INVOKING Heroism.
  6797 | D:9      | 6797 ||| INVOKING Spit Poison.
  6844 | D:9      | Found a radiant altar of Vehumet.
  6910 | D:9      | 6910 ||| INVOKING Spit Poison.
  6914 | D:9      | 6914 ||| INVOKING Spit Poison.
  7013 | D:9      | 7013 ||| INVOKING Spit Poison.
  7176 | D:9      | Found a staircase to the Lair.
  7318 | D:9      | 7318 ||| PLANNING LAIR
  7318 | D:9      | 7318 ||| INVOKING Heroism.
  7320 | D:9      | 7320 ||| INVOKING Spit Poison.
  7324 | D:9      | 7324 ||| INVOKING Spit Poison.
  7334 | D:9      | 7334 ||| DRINKING 2 coppery potions.
  7339 | Lair:1   | Entered Level 1 of the Lair of Beasts
  7340 | Lair:1   | 7340 ||| INVOKING Spit Poison.
  7346 | Lair:1   | 7346 ||| STAIRDANCE
  7348 | D:9      | 7348 ||| INVOKING Spit Poison.
  7354 | D:9      | 7354 ||| INVOKING Spit Poison.
  7360 | D:9      | 7360 ||| INVOKING Spit Poison.
  7403 | Lair:1   | 7403 ||| INVOKING Spit Poison.
  7420 | Lair:1   | 7420 ||| INVOKING Spit Poison.
  7423 | Lair:1   | 7423 ||| INVOKING Spit Poison.
  7451 | Lair:1   | 7451 ||| INVOKING Heroism.
  7452 | Lair:1   | 7452 ||| INVOKING Spit Poison.
  7456 | Lair:1   | 7456 ||| INVOKING Spit Poison.
  7469 | Lair:1   | Noticed qw's ghost (journeyman GrFi)
  7472 | Lair:1   | Found a runed translucent door.
  7475 | Lair:1   | 7475 ||| INVOKING Spit Poison.
  7479 | Lair:1   | 7479 ||| INVOKING Heroism.
  7481 | Lair:1   | 7481 ||| INVOKING Spit Poison.
  7483 | Lair:1   | Reached skill level 13 in Ranged Weapons
  7653 | Lair:1   | 7653 ||| INVOKING Heroism.
  7655 | Lair:1   | 7655 ||| INVOKING Spit Poison.
  7660 | Lair:1   | 7660 ||| INVOKING Spit Poison.
  7667 | Lair:1   | 7667 ||| INVOKING Spit Poison.
  7673 | Lair:1   | 7673 ||| INVOKING Spit Poison.
  7679 | Lair:1   | 7679 ||| INVOKING Spit Poison.
  7690 | Lair:1   | 7690 ||| INVOKING Spit Poison.
  7733 | Lair:1   | 7733 ||| INVOKING Heroism.
  7746 | Lair:1   | Reached skill level 9 in Fighting
  7797 | Lair:1   | 7797 ||| INVOKING Heroism.
  7798 | Lair:1   | 7798 ||| INVOKING Spit Poison.
  7805 | Lair:1   | 7805 ||| INVOKING Spit Poison.
  7822 | Lair:1   | 7822 ||| INVOKING Heroism.
  7868 | Lair:1   | 7868 ||| INVOKING Heroism.
  7872 | Lair:1   | Reached *** piety under Okawaru
  7887 | Lair:1   | 7887 ||| INVOKING Spit Poison.
  7891 | Lair:1   | 7891 ||| INVOKING Heroism.
  7970 | Lair:1   | 7970 ||| INVOKING Heroism.
  8080 | Lair:1   | 8080 ||| INVOKING Spit Poison.
  8108 | Lair:1   | 8108 ||| READING scroll of acquirement.
  8108 | Lair:1   | 8108 ||| ACQUIRING 640 gold pieces
  8108 | Lair:1   | Acquired 640 gold pieces
  8111 | Lair:1   | 8111 ||| INVOKING Heroism.
  8152 | Lair:1   | 8152 ||| INVOKING Spit Poison.
  8364 | Lair:1   | 8364 ||| DROPPING +6 ring of intelligence.
  8381 | Lair:2   | 8381 ||| INVOKING Spit Poison.
  8383 | Lair:2   | 8383 ||| INVOKING Heroism.
  8390 | Lair:2   | 8390 ||| INVOKING Spit Poison.
  8394 | Lair:2   | 8394 ||| INVOKING Spit Poison.
  8400 | Lair:2   | 8400 ||| STAIRDANCE
  8402 | Lair:1   | 8402 ||| INVOKING Spit Poison.
  8408 | Lair:1   | 8408 ||| INVOKING Spit Poison.
  8412 | Lair:1   | 8412 ||| INVOKING Spit Poison.
  8492 | Lair:2   | 8492 ||| INVOKING Heroism.
  8493 | Lair:2   | 8493 ||| INVOKING Spit Poison.
  8499 | Lair:2   | 8499 ||| STAIRDANCE
  8501 | Lair:1   | 8501 ||| INVOKING Spit Poison.
  8503 | Lair:1   | Reached XP level 12. HP: 56/114 MP: 13/15
  8580 | Lair:2   | 8580 ||| INVOKING Heroism.
  8629 | Lair:2   | Reached skill level 14 in Ranged Weapons
  8674 | Lair:2   | 8674 ||| INVOKING Heroism.
  8806 | Lair:2   | Found a hole to the Spider Nest.
  8867 | Lair:2   | 8867 ||| INVOKING Heroism.
  8925 | Lair:2   | 8925 ||| INVOKING Heroism.
  8951 | Lair:2   | 8951 ||| INVOKING Heroism.
  9030 | Lair:2   | 9030 ||| INVOKING Heroism.
  9384 | Lair:2   | You fall into a shaft and drop 1 floor!
  9421 | Lair:3   | 9421 ||| INVOKING Heroism.
  9437 | Lair:3   | Reached **** piety under Okawaru
  9446 | Lair:3   | Reached skill level 15 in Ranged Weapons
  9506 | Lair:3   | Noticed Urug
  9507 | Lair:3   | 9507 ||| INVOKING Heroism.
  9515 | Lair:3   | Killed Urug
  9537 | Lair:3   | Found a runed translucent gate.
  9541 | Lair:3   | Found a runed translucent gate.
  9542 | Lair:3   | Found a runed translucent gate.
  9552 | Lair:3   | Noticed a five-headed hydra
  9553 | Lair:3   | 9553 ||| INVOKING Heroism.
  9563 | Lair:3   | Killed a five-headed hydra
  9637 | Lair:3   | 9637 ||| DROPPING scarf of shadows.
  9638 | Lair:3   | 9638 ||| DROPPING ring of wizardry.
  9639 | Lair:3   | 9639 ||| READING 2 scrolls labelled TOECOPT AREM.
  9640 | Lair:3   | 9640 ||| READING 3 scrolls of identify.
  9640 | Lair:3   | 9640 ||| IDENTIFYING metallic pink potion
  9641 | Lair:3   | 9641 ||| READING 2 scrolls of identify.
  9641 | Lair:3   | 9641 ||| IDENTIFYING brown potion
  9642 | Lair:3   | 9642 ||| DROPPING scroll of fog.
  9734 | Lair:2   | Reached skill level 6 in Invocations
  9819 | Lair:3   | Noticed Sonja
  9820 | Lair:3   | 9820 ||| INVOKING Heroism.
  9828 | Lair:3   | Reached skill level 6 in Dodging
  9838 | Lair:3   | Gained mutation: You can use your snake-like lower body to
                  | constrict enemies. [Naga growth]
  9838 | Lair:3   | Reached XP level 13. HP: 88/123 MP: 17/17
  9852 | Lair:3   | Reached ***** piety under Okawaru
  9852 | Lair:3   | HP: 30/123 [Sonja/+0 short sword of distortion (11)]
  9852 | Lair:3   | Slain by Sonja

Levels and vault maps discovered:
D:1:      dpeg_arrival_arbitrary_c, layout_basic, basic_ecumenical_altar
D:2:      layout_rooms, bh_walls_and_bars
D:3:      layout_basic, lemuel_round_altar, serial_shops, shop,
          gammafunk_ghost_stat_death, minmay_randomly_rotated_circles,
          uniq_sigmund, uniq_crazy_yiuf_cottage, uniq_terence
D:4:      layout_cave_pods, mainiacjoe_overflow_small_starburst,
          minmay_temple_entry_slanted, serial_shops, shop, serial_bayou_pond_e,
          pf_guarded_unrand_delatra
D:5:      layout_loops_cross, lemuel_coloured_pillars_altar,
          nicolae_elyvilon_temple_path, tso_altar, uniq_grinder,
          uniq_blork_the_orc, uniq_prince_ribbit1, uniq_eustachio, uniq_edmund
D:6:      gammafunk_steamed_eel, layout_rooms
D:7:      layout_loops_ring, slow_altar_2, nicolae_gozag_seed_capital,
          minmay_misc_feat_roman, corexii_leaking_fountain, glass_columns_a
D:8:      layout_loops_ring, ashenzari_altar_1,
          chequers_temple_overflow_minitemple, uniq_erica
D:9:      layout_basic, general_overflow_altar, kennysheep_mini,
          david_lair_shrubbed, minmay_orc_entry_temple_small
Temple:   hellmonk_temple_beads
Lair:1:   lemuel_slime, layout_gridlike, hellmonk_ghost_happy_afterlife
Lair:2:   layout_small_grid, spider_nest_entry_webs, infiniplex_staircase_pool,
          serial_bayou_shore_a, serial_bayou_shore_b
Lair:3:   layout_chaotic_city, nicolae_shoals_entry_flooding,
          gammafunk_ghost_icy, minivault_27, beast_lair_carwin_1, uniq_sonja,
          uniq_urug

Skill      XL: |  1  2  3  4  5  6  7  8  9 10 11 12 |
---------------+-------------------------------------+-----
Ranged Weapons | 4 5 6 7 9 10 12 13 15 | 15.0
Fighting       | 4 5 7 8 9 10 | 10.0
Dodging        | 2 3 4 5 6 |  6.0
Armour         | 2 3 4 |  4.4
Invocations    | 3 4 6 |  6.6
Stealth        | |  1.5

Action                     |  1- 3 |  4- 6 |  7- 9 | 10-12 | 13-15 || total
---------------------------+-------+-------+-------+-------+-------++-------
   Fire: Shortbow          |    69 |    54 |       |       |       ||   123
         Orcbow            |       |    13 |   332 |   668 |    15 ||  1028
 Invoke: Heroism           |       |       |     4 |    29 |       ||    33
Ability: Spit Poison       |    26 |    24 |    72 |    83 |       ||   205
    Use: Scroll            |     5 |     1 |     6 |    13 |       ||    25
         Potion            |       |     1 |     3 |     3 |       ||     7
 Armour: Leather armour    |     4 |     3 |    70 |   195 |    16 ||   288
         Robe              |       |       |    67 |       |       ||    67
  Dodge: Dodged            |    20 |    11 |   133 |   227 |    23 ||   414

Table legend:
 A = Non-vault XP
 B = Vault XP
 C = Vault XP percentage of total XP
 D = Non-vault monster count
 E = Vault monster count
 F = Vault count percentage of total count
                 A         B        C        D         E       F
            +---------+---------+-------+---------+---------+-------
      Total |   28255 |    5125 |  15.4 |     265 |      63 |  19.2
            +---------+---------+-------+---------+---------+-------
        D:1 |      26 |       0 |   0.0 |      16 |       0 |   0.0
        D:2 |      48 |       0 |   0.0 |      19 |       0 |   0.0
        D:3 |     114 |     289 |  71.7 |      22 |       8 |  26.7
        D:4 |     170 |     232 |  57.7 |      14 |      11 |  44.0
        D:5 |     698 |    1022 |  59.4 |      13 |       5 |  27.8
        D:6 |    1123 |       0 |   0.0 |      19 |       0 |   0.0
        D:7 |    1402 |       5 |   0.4 |      38 |       1 |   2.6
        D:8 |    3214 |     842 |  20.8 |      28 |       1 |   3.4
        D:9 |    1131 |     617 |  35.3 |      21 |       8 |  27.6
     Lair:1 |    6232 |     621 |   9.1 |      27 |      24 |  47.1
     Lair:2 |    7564 |     717 |   8.7 |      31 |       4 |  11.4
     Lair:3 |    6533 |     780 |  10.7 |      17 |       1 |   5.6
            +---------+---------+-------+---------+---------+-------
